 Seeded DCSS version 0.31-a0-771-g505c3d19dc (webtiles) character file.

Game seed: 4 (custom seed)

5782 Psyclone the Thaumaturge (level 10, 0/56 HPs)
             Began as an Octopode Venom Mage on Sept 17, 2023.
             Was an Initiate of Gozag.
             Slain by a hell hound (12 damage)
             ... in a volcano.
             The game lasted 00:30:18 (11360 turns).

Psyclone the Thaumaturge (Octopode Venom Mage)     Turns: 11360, Time: 00:30:18

Health: 0/56       AC:  1    Str:  7    XL:     10   Next: 78%
Magic:  17/25      EV: 15    Int: 22    God:    Gozag
Gold:   1273       SH:  0    Dex: 13    Spells: 15/32 levels left

rFire   . . .        a - +3 dagger
rCold   . . .        (no shield)
rNeg    . . .        (helmet restricted)
rPois   .            z - amulet of the acrobat
rElec   .            i - ring of see invisible
rCorr   +            t - ring of resist corrosion
SInv    +            (no ring)
Will    .....        (no ring)
Stlth   +++          (no ring)
HPRegen 0.29/turn    (no ring)
MPRegen 0.19/turn    (no ring)
                     (no ring)

%: acrobat
@: about to teleport, gold aura
A: almost no armour, amphibious, 8 rings, camouflage 1, gelatinous body 1,
(nimble swimmer 1), tentacles
a: Renounce Religion, Potion Petition, Call Merchant, Bribe Branch


You were in a volcano.
You worshipped Gozag.
Gozag was most pleased with you.
You visited 3 branches of the dungeon, and saw 11 of its levels.
You also visited: Volcano.

You collected 1319 gold pieces.
You paid 46 gold pieces to Gozag.

Inventory:

Hand Weapons
 a - a +3 dagger (weapon)
Missiles
 c - 10 poisoned darts
 e - 3 throwing nets {!f}
Jewellery
 d - an amulet of reflection
 i - a ring of see invisible (left tentacle)
 t - a ring of resist corrosion (right tentacle)
 z - an amulet of the acrobat (around mantle)
Wands
 n - a wand of paralysis (8)
 s - a wand of quicksilver (9)
 w - a wand of flame (26)
 x - a wand of iceblast (8)
 y - a wand of digging (8)
Scrolls
 m - 2 scrolls of identify {@r1}
 o - a scroll of poison
 p - a scroll of enchant weapon
 u - a scroll of butterflies
 v - a scroll of immolation
Potions
 b - a potion of magic
 f - 4 potions of enlightenment
 g - 5 potions of attraction
 h - a potion of lignification
 j - 6 potions of curing
 k - 2 potions of might
 l - a potion of heal wounds
 q - 2 potions of invisibility
 A - a potion of cancellation


   Skills:
 + Level 6.3 Dodging
 - Level 2.6 Stealth
 * Level 11.7 Spellcasting
 - Level 6.0 Conjurations
 - Level 3.0 Hexes
 - Level 1.0 Transmutations
 - Level 5.0 Poison Magic


You had 15 spell levels left.
You knew the following spells:

 Your Spells              Type           Power      Damage    Failure   Level
a - Poisonous Vapours     Pois/Air       46%        N/A       2%          2
b - Searing Ray           Conj           78%        2d7       1%          2
c - Sting                 Tmut/Pois      100%       1d8       1%          1
d - Mephitic Cloud        Conj/Pois/Air  29%        N/A       3%          3
e - Magic Dart            Conj           100%       1d8       1%          1
f - Fulminant Prism       Conj/Hex       16%        3d10      8%          4
x - Olgreb's Toxic Radia  Pois           34%        N/A       6%          4

Your spell library contained the following spells:

 Spells                   Type           Power      Damage    Failure   Level
 Stone Arrow              Conj/Erth      52%        3d10      4%          3
 Frozen Ramparts          Ice            24%        1d4       16%         3
 Petrify                  Tmut/Erth      15%        N/A       38%         4
 Metabolic Englaciation   Hex/Ice        9%         N/A       58%         5
 Lehudib's Crystal Spear  Conj/Erth      13%        10d4      100%        8
 Animate Armour           Summ/Erth      Unusable   N/A       N/A         4

Dungeon Overview and Level Annotations

Branches:
Dungeon (9/15) Zot: 26978  Temple (1/1) D:4 Zot: 5972    Lair (1/5) D:8 Zot: 5832
Volcano (1/1) Zot: 5583
    Orc: D:9-12

Altars:
Ashenzari
Dithmenos
Elyvilon
Fedhas
Gozag
Hepliaklqana
Kikubaaqudgha
Nemelex Xobeh
Okawaru
Qazlal
Ru
Sif Muna
Uskayaw
Xom
Yredelemnul
The Shining One

Shops:
D:4 !


Innate Abilities, Weirdness & Mutations

You cannot wear most types of armour.
You are amphibious.
You can wear up to eight rings at the same time.
Your skin changes colour to match your surroundings (Stealth+).
Your rubbery body absorbs attacks. (AC +1, EV +1)
((You are camouflaged when in or above water. (Stealth+)))
You have tentacles for arms and can constrict up to eight enemies at once.


Message History

Casting: Poisonous Vapours (safe; 2% risk of failure)
Confirm with . or Enter, or press ? or * to list all spells.
Aiming: Poisonous Vapours (safe; 2% risk of failure)
Press: ? - help, Dir - move target, f/p - centaur
Aim: a centaur, wielding a +2 shortbow of flaming (moderately wounded, extremely poisoned) Poisonous vapours surround the centaur!
The centaur looks as sick as possible!
You now have 19/25 mp.
The centaur unwields a +2 shortbow of flaming.
It stops flaming.
The centaur hits you. The centaur kicks you.
The centaur completely misses you. x2
You take 4 damage, and have 21/56 hp.
You hit the centaur but do no damage.
You squeeze the centaur, but do no damage.
The centaur is severely wounded.
The centaur closely misses you. The centaur kicks you.
You take 2 damage, and have 19/56 hp.
Casting: Poisonous Vapours (safe; 2% risk of failure)
Confirm with . or Enter, or press ? or * to list all spells.
Aiming: Searing Ray (safe; 1% risk of failure)
Press: ? - help, Shift-Dir - straight line, f - hell hound, p - centaur
Aim: a hell hound (73% to hit)
The searing ray misses the centaur.
The searing ray hits the hell hound!
The hell hound is moderately wounded. (Press . to maintain the ray.)
The centaur hits you.
* * * LOW HITPOINT WARNING * * *
The centaur misses you. The centaur hits you.
* * * LOW HITPOINT WARNING * * *
The centaur kicks you.
* * * LOW HITPOINT WARNING * * *
You take 8 damage, and have 11/56 hp.
You now have 18/25 mp.
The searing ray misses the centaur.
The searing ray hits the hell hound.
The hell hound is moderately wounded.
You kill the centaur!
A salamander comes into view. It is wielding a +0 trident.
You now have 17/25 mp.
As you read the scroll of teleportation, it crumbles to dust.
You feel strangely unstable. The hell hound bites you!
You die...
Your body crumbles into a pile of gold.

≈§≈§≈°≈≈§§§§≈§≈≈§§≈§§§§§
§§§§≈≈≈§≈≈§§§≈§§≈§≈≈≈≈≈≈
≈≈≈§≈°§≈≈≈≈§§§§≈§§≈≈≈≈§≈
≈≈.≈.≈.≈.≈≈≈≈≈.≈§§≈≈.≈≈§
≈§≈.≈....≈≈.≈..§≈.§..§...≈
§..^.....§§..§N...........# #
§§#####.§.##'##...#### ...#### §#
.##...##☼##.. ##h## #..##.###§
.#.....#.#hhO #@# #..#.#∩#§≈
.#.....#.#.c. #.# #..#.#∩#≈≈
.##...##.##[[ ##.## ##..#'###≈≈
..##'##...#####...##+##....##≈≈≈≈
....)..............^^^....##≈≈≈≈≈
~~≈..~~~...~~~~~≈~~..~~~~~≈≈≈≈≈≈≈
≈≈)≈)~.~.~.≈~≈~≈≈~.≈~≈~≈~≈≈≈≈≈≈≈≈
≈≈≈≈≈≈≈≈~~~≈≈≈≈~≈~~≈≈≈≈≈≈≈≈≈≈≈≈≈≈
≈≈≈≈≈≈≈≈≈~~≈≈≈≈≈≈≈≈≈≈≈≈≈≈≈≈≈≈≈≈≈≈


You could see a salamander and a hell hound.

Vanquished Creatures
  3 two-headed ogres (Volcano)
  Grinder (D:5)
  A hornet (D:7)
  A basilisk (Lair:1)
  A fire bat (Volcano)
  A water moccasin (D:7)
  2 ice beasts
  A black bear (D:6)
  2 ogres (D:6)
  3 centaurs
  A phantom (D:6)
  5 bullfrogs
  3 scorpions
  10 wights
  2 jellies
  8 killer bees
  2 electric eels (D:6)
  4 crimson imps (D:4)
  2 hounds (D:5)
  4 orc priests
  2 centaur zombies (D:6)
  Jessica (D:2)
  Natasha (thrice) (D:2)
  5 iguanas
  A sleepcap (D:7)
  3 orc wizards
  6 gnolls
  8 adders
  A shadow imp (D:6)
  2 white imps
  An ufetubus (D:4)
  A dart slug (D:2)
  26 orcs
  12 endoplasms
  2 giant cockroaches
  6 goblins
  3 hobgoblins
  4 jackals (D:1)
  4 quokkas
  4 ball pythons
  8 bats
  4 frilled lizards
  10 kobolds
  6 rats
180 creatures vanquished.

Vanquished Creatures (others)
  10 fulminant prisms
10 creatures vanquished.

Grand Total: 190 creatures vanquished

Notes
Turn   | Place    | Note
-------+----------+-------------------------------------------
     0 | D:1      | Psyclone the Octopode Venom Mage began the quest for the
                  | Orb.
     0 | D:1      | Reached XP level 1. HP: 11/11 MP: 3/3
    98 | D:1      | Reached XP level 2. HP: 16/17 MP: 3/5
   116 | D:1      | Learned a level 2 spell: Poisonous Vapours
   637 | D:1      | Learned a level 2 spell: Searing Ray
  1007 | D:1      | Reached XP level 3. HP: 21/21 MP: 3/6
  1280 | D:2      | Noticed Jessica
  1302 | D:2      | Killed Jessica
  1303 | D:2      | Reached skill level 1 in Conjurations
  1493 | D:2      | Reached skill level 3 in Spellcasting
  1493 | D:2      | Reached XP level 4. HP: 27/27 MP: 8/8
  1524 | D:2      | Noticed Natasha
  1530 | D:2      | Killed Natasha
  1945 | D:2      | Noticed Natasha
  1957 | D:2      | Killed Natasha
  2038 | D:2      | Found a faded altar of an unknown god.
  2151 | D:2      | Reached XP level 5. HP: 31/31 MP: 8/10
  2429 | D:2      | Noticed Natasha
  2435 | D:2      | Killed Natasha
  2502 | D:2      | Learned a level 3 spell: Mephitic Cloud
  2704 | D:3      | Learned a level 1 spell: Magic Dart
  2967 | D:3      | Found an opulent altar of Gozag.
  2974 | D:3      | Became a worshipper of Gozag Ym Sagoz the Greedy
  3113 | D:3      | Reached skill level 5 in Poison Magic
  3984 | D:4      | Reached skill level 4 in Spellcasting
  3984 | D:4      | Reached XP level 6. HP: 36/36 MP: 2/12
  4121 | D:4      | Found Ylyczyas's Distillery.
  4150 | D:4      | Found a broken altar of Ashenzari.
  4578 | D:4      | Found a shimmering altar of Xom.
  4597 | D:4      | Found a staircase to the Ecumenical Temple.
  4623 | Temple   | Entered the Ecumenical Temple
  4834 | D:4      | Reached XP level 7. HP: 23/41 MP: 4/14
  5155 | D:5      | Entered Level 5 of the Dungeon
  5257 | D:5      | Noticed Grinder
  5264 | D:5      | Paralysed by Grinder for 2 turns
  5272 | D:5      | Killed Grinder
  5273 | D:5      | Reached skill level 5 in Spellcasting
  5273 | D:5      | Reached skill level 5 in Conjurations
  5822 | D:5      | Reached XP level 8. HP: 33/46 MP: 7/16
  5946 | D:5      | Reached skill level 6 in Spellcasting
  6442 | D:5      | Learned a level 4 spell: Olgreb's Toxic Radiance
  6447 | D:5      | Learned a level 4 spell: Fulminant Prism
  6559 | D:5      | Found a hazy altar of Hepliaklqana.
  6947 | D:6      | Reached skill level 1 in Hexes
  7179 | D:6      | Found a basalt altar of Yredelemnul.
  7209 | D:6      | Reached skill level 7 in Spellcasting
  7899 | D:6      | Reached XP level 9. HP: 20/51 MP: 9/20
  8021 | D:6      | Reached skill level 8 in Spellcasting
  8101 | D:6      | Found a sparkling altar of Nemelex Xobeh.
  8844 | D:7      | Noticed a hornet
  9239 | D:7      | Reached skill level 9 in Spellcasting
  9582 | D:7      | Killed a hornet
  9740 | D:7      | Found a stormy altar of Qazlal.
  9889 | D:7      | Found an ancient bone altar of Kikubaaqudgha.
 10070 | D:8      | Reached skill level 10 in Spellcasting
 10070 | D:8      | Found a staircase to the Lair.
 10174 | D:8      | Reached XP level 10. HP: 40/56 MP: 5/24
 10395 | D:8      | Found a sacrificial altar of Ru.
 10777 | Lair:1   | Entered Level 1 of the Lair of Beasts
 10939 | Lair:1   | Found a dark tunnel.
 10944 | Volcano  | Entered a volcano
 11190 | Volcano  | Noticed a two-headed ogre
 11190 | Volcano  | Noticed a two-headed ogre
 11190 | Volcano  | Noticed a two-headed ogre
 11201 | Volcano  | Reached skill level 5 in Dodging
 11211 | Volcano  | Killed a two-headed ogre
 11212 | Volcano  | Reached skill level 11 in Spellcasting
 11214 | Volcano  | Killed a two-headed ogre
 11222 | Volcano  | Killed a two-headed ogre
 11347 | Volcano  | Noticed a two-headed ogre
 11359 | Volcano  | Noticed a salamander
 11360 | Volcano  | Slain by a hell hound

Illustrated notes

Levels and vault maps discovered:
D:1:      roderic_dead_forest, layout_basic, serial_glass, glass_columns_a,
          glass_columns_b, glass_columns_a, glass_columns_a
D:2:      wad_lake_hut, layout_loops_corners, chequers_ecumenical_altar_island,
          uniq_natasha, uniq_jessica
D:3:      layout_loops_corners, nicolae_gozag_cash_rules_everything_around_me
D:4:      layout_cave_pools, led_xom_imps, cheibrodos_ashenzari_chains,
          minmay_temple_entry_junction_2, serial_column_ruins,
          column_ruins_circle_medium, column_ruins_hut, column_ruins_grid_4,
          column_ruins_corridor_corner, column_ruins_columns_dead_end,
          column_ruins_grid_3, column_ruins_grid_3, column_ruins_grid_2,
          minmay_misc_feat_diagonals, st_stairs_13,
          chequers_hall_statues_corner_a, hangedman_abyss_or_decor_stabs,
          nicolae_stop_n_shop_1
D:5:      layout_loops_corners, old_standard_altar, uniq_grinder
D:6:      layout_basic, lemuel_zombie_altar_yredelemnul, serial_bayou,
          serial_bayou_shore_a, serial_bayou_crossing, serial_bayou_lagoon_a,
          serial_bayou_lake_a, minmay_misc_feat_chi, minmay_ruined_shrine
D:7:      layout_cave_pods, nicolae_kikubaaqudgha_miasma_corner,
          mainiacjoe_overflow_brackets
D:8:      layout_rooms, nicolae_ru_awakened_eye, lair_entry_dummy
D:9:      layout_loops_corners, fiery_altar_vehumet
Temple:   nicolae_temple_ecumenical_triangle
Lair:1:   dragon1_lemuel, layout_long_grid, nicolae_volcano_entry_s_turn,
          lemuel_fruit_fields, grunt_megastairs_5, lemuel_fruit_tree,
          infiniplex_staircase_pool, uniq_erica, uniq_jeremiah
Volcano:  volcano_village

Skill      XL: |  1  2  3  4  5  6  7  8  9 10 |
---------------+-------------------------------+-----
Poison Magic   | 4 5 |  5.0
Conjurations   | 1 2 3 4 5 6 |  6.0
Spellcasting   | 3 4 5 7 10 11 | 11.7
Hexes          | 3 |  3.0
Dodging        | 4 6 |  6.3
Stealth        | |  2.6
Transmutations | |  1.0

Action                     |  1- 3 |  4- 6 |  7- 9 | 10-12 || total
---------------------------+-------+-------+-------+-------++-------
  Melee: Unarmed           |    13 |       |       |       ||    13
         Constrict         |     9 |    18 |    47 |     4 ||    78
         Tentacles         |     5 |    17 |    39 |     3 ||    64
         Dagger            |    26 |    74 |     7 |     9 ||   116
         Punch             |       |     1 |     1 |       ||     2
         Short sword       |       |       |   125 |     1 ||   126
   Cast: Sting             |     6 |       |       |       ||     6
         Poisonous Vapours |    19 |    62 |   114 |    16 ||   211
         Magic Dart        |       |    11 |    15 |       ||    26
         Searing Ray       |       |     2 |    23 |     3 ||    28
         Mephitic Cloud    |       |       |     2 |       ||     2
         Fulminant Prism   |       |       |     8 |     2 ||    10
         Olgreb's Toxic Ra |       |       |     1 |     5 ||     6
    Use: Scroll            |     4 |     6 |     3 |     3 ||    16
         Potion            |     1 |     2 |       |       ||     3
   Stab: Sleeping          |     8 |     8 |     1 |     1 ||    18
         Distracted        |       |     1 |       |       ||     1
 Armour: Skin              |    11 |    40 |    65 |    17 ||   133
  Dodge: Dodged            |    18 |    41 |    79 |    16 ||   154
  Block: Other             |       |     9 |    32 |     2 ||    43
         Reflection        |       |       |     3 |       ||     3

Table legend: (Time is in decaauts)
 A = Elapsed time spent in this place.
 B = Non-inter-level travel time spent in this place.
 C = Inter-level travel time spent in this place.
 D = Time resting spent in this place.
 E = Time spent auto-exploring this place.
 F = Levels seen in this place.
 G = Mean time per level.
                   A        B        C        D        E       F      G
               +--------+--------+--------+--------+--------+-----+--------+
         Total |  11358 |  11148 |    210 |   1274 |   7690 |  12 |  946.5 |
       Dungeon |  10747 |  10548 |    199 |   1102 |   7690 |   9 | 1194.1 |
        Temple |     27 |     16 |     11 |      0 |      0 |   1 |   27.0 |
          Lair |    167 |    167 |      0 |      0 |      0 |   1 |  167.0 |
       Volcano |    415 |    415 |      0 |    172 |      0 |   1 |  415.0 |
               +--------+--------+--------+--------+--------+-----+--------+

Top non-repeatable levels by time:
     D:6: 2140 daAuts
     D:5: 1501 daAuts
     D:3: 1440 daAuts
     D:2: 1414 daAuts
     D:4: 1246 daAuts
     D:7: 1173 daAuts
     D:1: 1107 daAuts
     D:8: 720 daAuts
 Volcano: 415 daAuts
  Lair:1: 167 daAuts
  Temple: 27 daAuts
     D:9: 1 daAuts
